 Dungeon Crawl Stone Soup version 0.19.0-20-gbc5f0c6 (webtiles) character file.

567 Ijustatesigmund the Cutter (level 7, 0/50 HPs)
             Began as a Halfling Fighter on Nov 17, 2016.
             Succumbed to an orc wizard's poison
             ... on level 4 of the Dungeon.
             The game lasted 00:10:32 (3113 turns).

Ijustatesigmund the Cutter (Halfling Fighter)       Turns: 3113, Time: 00:10:32

Health: 0/50       AC:  7    Str: 17    XL:     7   Next: 59%
Magic:  7/7        EV: 11    Int:  7    God:
Gold:   186        SH: 10    Dex: 15    Spells: 0 memorised, 6 levels left

rFire  . . .     SeeInvis .     a - +1 rapier
rCold  . . .     Gourm    .     b - +0 scale mail
rNeg   . . .     Faith    .     c - +1 shield
rPois  .         Spirit   .     (no helmet)
rElec  .         Reflect  .     (no cloak)
rCorr  .         Harm     .     (no gloves)
MR     .....                    (no boots)
Stlth  ..........               (no amulet)
                                (no ring)
                                i - +1 ring of protection

@: lethally poisoned (0 -> -9), flying
A: mutation resistance 1
a: no special abilities


You were on level 4 of the Dungeon.
You were not hungry.

You visited 1 branch of the dungeon, and saw 4 of its levels.

You collected 186 gold pieces.

Inventory:

Hand Weapons
 a - a +1 rapier (weapon)
 j - a +1 dagger of venom
 l - a cursed -3 short sword
Missiles
 g - a throwing net (quivered)
Armour
 b - a +0 scale mail (worn)
 c - a +1 shield (worn)
Jewellery
 i - a +1 ring of protection (left hand)
Scrolls
 h - a scroll of teleportation
 n - a scroll of amnesia
Comestibles
 f - 3 bread rations


   Skills:
 + Level 5.1 Fighting
 + Level 6.4 Short Blades
 - Level 3.2 Armour
 - Level 3.1 Dodging
 - Level 3.2 Shields


You had 6 spell levels left.
You didn't know any spells.

Dungeon Overview and Level Annotations

Branches:
Dungeon (4/15)
 Temple: D:4-7

Altars:
Dithmenos
Elyvilon

Annotations:
D:3 kilppis's ghost, amateur GrFi


Innate Abilities, Weirdness & Mutations

You are small and have problems with some larger weapons.
You are somewhat resistant to further mutation.


Message History

You feel sick.
Your surroundings suddenly seem different.
* * * LOW HITPOINT WARNING * * *
You feel sick.
It was a potion of magic.
Magic courses through your body.
* * * LOW HITPOINT WARNING * * *
You feel sick.
It was a potion of flight.
You feel very buoyant.
You fly up into the air.
* * * LOW HITPOINT WARNING * * *
You feel sick.
It was a potion of cure mutation.
It has a very clean taste.
* * * LOW HITPOINT WARNING * * *
You feel sick.
* * * LOW HITPOINT WARNING * * *
You feel sick.
* * * LOW HITPOINT WARNING * * *
You feel sick.
You die...

#..# #.# #.#
##.## #.# #.#
♣#..# #.# #.#
.#..###.# #.#
........# #.#
...###..# #.#
...# #..# #.#
...###..# #.#
.[......# #@#
.†.###†## #.#
..##
#.#########.#
..#
#......(....#
..#
#############
### #


There were no monsters in sight!

Vanquished Creatures
  A sky beast (D:3)
  A phantom (D:4)
  An ogre (D:4)
  An orc wizard (D:4)
  Ijyb (D:2)
  3 worker ants (D:4)
  4 gnolls (D:4)
  8 adders
  An ooze (D:3)
  2 worms (D:3)
  3 leopard geckos
  4 orcs (D:4)
  3 ball pythons
  3 bats (D:1)
  5 giant cockroaches
  8 hobgoblins
  2 quokkas (D:4)
  8 frilled lizards
  A goblin (D:2)
  6 kobolds
  A leopard gecko skeleton (D:4)
  9 rats
76 creatures vanquished.

Notes
Turn   | Place    | Note
-------+----------+-------------------------------------------
     0 | D:1      | Ijustatesigmund the Halfling Fighter began the quest for the Orb.
     0 | D:1      | Reached XP level 1. HP: 15/15 MP: 1/1
   149 | D:1      | Reached XP level 2. HP: 20/20 MP: 2/2
   350 | D:1      | Reached skill level 3 in Short Blades
   447 | D:1      | Reached XP level 3. HP: 25/26 MP: 3/3
   680 | D:2      | Reached skill level 1 in Dodging
   771 | D:2      | Reached XP level 4. HP: 30/31 MP: 4/4
   823 | D:2      | Noticed Ijyb
   836 | D:2      | Killed Ijyb
  1376 | D:3      | Reached XP level 5. HP: 32/37 MP: 5/5
  1461 | D:3      | Noticed a sky beast
  1486 | D:3      | Killed a sky beast
  1486 | D:3      | Reached skill level 4 in Short Blades
  1486 | D:3      | Reached XP level 6. HP: 17/43 MP: 6/6
  1878 | D:3      | Noticed kilppis's ghost (amateur GrFi)
  1882 | D:4      | Found a white marble altar of Elyvilon.
  2023 | D:4      | Noticed an ogre
  2032 | D:4      | Killed an ogre
  2032 | D:4      | Reached skill level 5 in Short Blades
  2100 | D:4      | Found a shadowy altar of Dithmenos.
  2249 | D:4      | Reached XP level 7. HP: 45/49 MP: 7/7
  2493 | D:4      | Reached skill level 5 in Fighting
  2493 | D:4      | Reached skill level 6 in Short Blades
  3111 | D:4      | HP: 2/50 [poisoned by an orc wizard]
  3113 | D:4      | Succumbed to an orc wizard's poison

Skill      XL: |  1  2  3  4  5  6  7 |
---------------+----------------------+-----
Fighting       | 3 4 5 |  5.1
Short Blades   | 3 4 5 6 |  6.4
Dodging        | 1 2 3 |  3.1
Armour         | |  3.2
Shields        | |  3.2

Action                   |  1- 3 |  4- 6 |  7- 9 || total
-------------------------+-------+-------+-------++-------
Melee: Rapier            |    73 |   160 |   114 ||   347
  Use: Scroll            |     5 |     4 |     2 ||    11
       Potion            |       |     6 |     4 ||    10
  Eat: Chunk             |       |     2 |     2 ||     4
       Bread ration      |       |     1 |       ||     1
Armor: Scale mail        |    26 |    45 |    28 ||    99
Dodge: Dodged            |    20 |    45 |    28 ||    93
Block: Shield            |    25 |    60 |    45 ||   130
